 Dungeon Crawl Stone Soup version 0.31-a0-202-g547052bce9 (webtiles) character file.

Game seed: 2268287875661028125

39 qw the Shooter (level 3, -1/20 HPs)
             Began as a Deep Elf Hunter on June 26, 2023.
             Slain by an orc
             ... wielding a +0 club
              (3 damage)
             ... on level 4 of the Dungeon.
             The game lasted 00:00:20 (681 turns).

qw the Shooter (Deep Elf Hunter)                     Turns: 681, Time: 00:00:20

Health: -1/20      AC:  6    Str: 12    XL:     3   Next: 26%
Magic:  5/5        EV:  9    Int: 12    God:
Gold:   29         SH:  0    Dex: 19    Spells: 2/2 levels left

rFire   + . .        Y - +1 shortbow
rCold   . . .        (shield currently unavailable)
rNeg    . . .        g - +0 scale mail
rPois   .            (no helmet)
rElec   .            (no cloak)
rCorr   .            (no gloves)
SInv    .            (no boots)
Will    .....        (no amulet)
Stlth   +            f - ring of protection from fire
HPRegen 0.23/turn    (no ring)
MPRegen 0.09/turn

%: no passive effects
@: no status effects
A: talons 1, strong 1, MP-powered wands
a: no special abilities


You were on level 4 of the Dungeon.
You visited 1 branch of the dungeon, and saw 3 of its levels.

You collected 29 gold pieces.


Innate Abilities, Weirdness & Mutations

You have sharp toenails.
Your muscles are strong. (Str +4, Int/Dex -1)
You expend magic power (3 MP) to strengthen your wands.


   Skills:
 - Level 1.5 Fighting
 + Level 6.8 Ranged Weapons
 - Level 2.4 Dodging
 - Level 1.2 Stealth


You had 2 spell levels left.
You didn't know any spells.
Your spell library was empty.

Inventory:

Hand Weapons
 Y - a +1 shortbow (weapon)
Armour
 g - a +0 scale mail (worn)
Jewellery
 f - a ring of protection from fire (left hand)
Scrolls
 b - a scroll of identify
Potions
 e - a potion of lignification {unknown}

Dungeon Overview and Level Annotations

Branches:
Dungeon (2/15)

Altars:


Message History

The hobgoblin hits you.
You shoot an arrow. The arrow barely misses the hobgoblin.
The jackal bites you but does no damage.
The hobgoblin hits you.
The jackal bites you but does no damage.
The hobgoblin hits you.
You shoot an arrow. The arrow hits the hobgoblin!
You kill the hobgoblin!
The jackal bites you but does no damage. x2
You shoot an arrow. The arrow hits the worm.
The worm is moderately wounded.
The jackal barely misses you. The jackal closely misses you.
The worm bites you.
674 ||| READING scroll of teleportation.
As you read the scroll of teleportation, it crumbles to dust.
You feel strangely unstable. The jackal closely misses you.
You shoot an arrow.
The arrow hits the worm but does no damage.
The worm is lightly wounded.
The jackal barely misses you.
The jackal bites you but does no damage.
The worm barely misses you.
You shoot an arrow. The arrow barely misses the worm.
Your surroundings suddenly seem different. 5 orcs come into view.
The orc shouts! x5; You hear a shout!
You shoot an arrow. The arrow hits the orc!
You kill the orc!
You shoot an arrow. The arrow barely misses the orc.
The arrow hits the orc but does no damage.
You shoot an arrow.
The arrow hits the orc but does no damage.
An orc comes into view. It is wielding a +0 falchion.
The orc throws a boomerang.
The boomerang hits you.
You shoot an arrow. The arrow closely misses the orc.
The arrow barely misses the orc.
The orc barely misses you. x2
You shoot an arrow. The arrow barely misses the orc.
The orc hits you with a +0 club.
You die...

#####
######.....
#..........
#..........
#...o......
#..@oo)..o.
#....o.....
###########


You could see 5 orcs.

Vanquished Creatures
  An adder (D:2)
  A dart slug (D:1)
  An orc (D:4)
  2 bats (D:1)
  A giant cockroach (D:1)
  6 goblins
  A hobgoblin (D:4)
  A jackal (D:4)
  2 ball pythons
  A frilled lizard (D:1)
  5 kobolds (D:1)
  5 rats (D:1)
27 creatures vanquished.

Notes
Turn   | Place    | Note
-------+----------+-------------------------------------------
     0 | D:1      | qw the Deep Elf Hunter began the quest for the Orb.
     0 | D:1      | Reached XP level 1. HP: 12/12 MP: 3/3
     0 | D:1      | 0 ||| qw: Version: 0.3-a-22-g0ed2b0b
     0 | D:1      | 0 ||| qw: Game counter: 6082
     0 | D:1      | 0 ||| qw: Melee chars always use a shield: true
     0 | D:1      | 0 ||| qw: God list: Okawaru
     0 | D:1      | 0 ||| qw: Allow faded altars: false
     0 | D:1      | 0 ||| qw: Do Orc after clearing Dungeon:15 true
     0 | D:1      | 0 ||| qw: Do second Lair branch before Depths: true
     0 | D:1      | 0 ||| qw: Lair rune preference: random
     0 | D:1      | 0 ||| qw: Goals: Normal
     0 | D:1      | 0 ||| PLANNING D:1-11
    55 | D:1      | Reached XP level 2. HP: 16/16 MP: 4/4
    64 | D:1      | Reached skill level 6 in Ranged Weapons
   565 | D:1      | 565 ||| UPGRADING to +0 scale mail.
   575 | D:1      | 575 ||| DROPPING +0 leather armour.
   576 | D:1      | 576 ||| UPGRADING to ring of protection from fire.
   577 | D:1      | 577 ||| READING 2 scrolls labelled YSU TEUGUNOIL.
   582 | D:1      | 582 ||| READING scroll labelled SUXKOWK IMUER.
   583 | D:1      | 583 ||| READING scroll labelled MEM OSKYOBASIN.
   584 | D:1      | 584 ||| READING scroll labelled WAICKE MISHRU.
   585 | D:1      | 585 ||| DRINKING 2 smoky pink potions.
   585 | D:1      | Gained mutation: You occasionally lose the ability to drink
                  | potions when taking damage. [potion of mutation]
   585 | D:1      | Gained mutation: You expend magic power (3 MP) to
                  | strengthen your wands. [potion of mutation]
   585 | D:1      | Gained mutation: You are strong-willed. (Will+) [potion of
                  | mutation]
   585 | D:1      | Gained mutation: You are partially covered in large bone
                  | plates. (SH +4) [potion of mutation]
   586 | D:1      | 586 ||| DRINKING potion of mutation.
   586 | D:1      | Lost mutation: You are partially covered in large bone
                  | plates. (SH +4) [potion of mutation]
   586 | D:1      | Lost mutation: You expend magic power (3 MP) to strengthen
                  | your wands. [potion of mutation]
   586 | D:1      | Lost mutation: You occasionally lose the ability to drink
                  | potions when taking damage. [potion of mutation]
   586 | D:1      | Gained mutation: Your muscles are strong. (Str +4, Int/Dex
                  | -1) [potion of mutation]
   586 | D:1      | Lost mutation: You are strong-willed. (Will+) [potion of
                  | mutation]
   586 | D:1      | Gained mutation: You expend magic power (3 MP) to
                  | strengthen your wands. [potion of mutation]
   586 | D:1      | Gained mutation: You have sharp toenails. [potion of
                  | mutation]
   587 | D:1      | 587 ||| DROPPING scroll of butterflies.
   624 | D:2      | Reached XP level 3. HP: 17/20 MP: 5/5
   649 | D:2      | You fall into a shaft and drop 2 floors!
   673 | D:4      | HP: 4/20 [worm (6)]
   674 | D:4      | 674 ||| READING scroll of teleportation.
   679 | D:4      | HP: 1/20 [orc/boomerang (4)]
   681 | D:4      | Slain by an orc

Levels and vault maps discovered:
D:1:      eino_arrival_water_cross, layout_rooms, serial_forest,
          infiniplex_forest_split, infiniplex_forest_straight_5,
          infiniplex_forest_lined_3, infiniplex_forest_lined_corner,
          infiniplex_forest_lined_corner, dk_noncrumbling_2
D:2:      layout_basic, serial_bayou_pond_c
D:4:      layout_gridville, lemuel_round_altar

Skill      XL: |  1  2 |
---------------+-------+-----
Ranged Weapons | 6 |  6.8
Fighting       | |  1.5
Dodging        | |  2.4
Stealth        | |  1.2

Action                     || total
---------------------------++-------
   Fire: Shortbow          ||    71
    Use: Scroll            ||     5
         Potion            ||     2
 Armour: Leather armour    ||     3
         Scale mail        ||    12
  Dodge: Dodged            ||    17

Table legend:
 A = Non-vault XP
 B = Vault XP
 C = Vault XP percentage of total XP
 D = Non-vault monster count
 E = Vault monster count
 F = Vault count percentage of total count
                 A         B        C        D         E       F
            +---------+---------+-------+---------+---------+-------
      Total |      56 |       0 |   0.0 |      27 |       0 |   0.0
            +---------+---------+-------+---------+---------+-------
        D:1 |      33 |       0 |   0.0 |      21 |       0 |   0.0
        D:2 |      16 |       0 |   0.0 |       3 |       0 |   0.0
        D:4 |       7 |       0 |   0.0 |       3 |       0 |   0.0
            +---------+---------+-------+---------+---------+-------
